 Dungeon Crawl Stone Soup version 0.20-a0-441-g89e74e4 (webtiles) character file.

241 Kriby the Magician (level 5, 0/35 HPs)
             Began as a Mummy Fire Elementalist on Jan 6, 2017.
             Was an Initiate of Ashenzari.
             Slain by Pikel
             ... wielding a +2 whip of flaming
              (6 damage)
             ... on level 3 of the Dungeon.
             The game lasted 00:05:47 (4654 turns).

Kriby the Magician (Mummy Fire Elementalist)        Turns: 4654, Time: 00:05:48

Health: 0/35       AC:  4    Str: 11    XL:     5   Next: 80%
Magic:  3/12       EV: 12    Int: 15    God:    Ashenzari [......]
Gold:   214        SH:  4    Dex: 13    Spells: 4/14 levels left

rFire  x . .     SeeInvis .     d - +3 dagger (venom)
rCold  + . .     Gourm    .     p - +0 robe (curse)
rNeg   + + +     Faith    .     (no shield)
rPois  ∞         Spirit   .     l - +0 helmet
rElec  .         Reflect  +     (no cloak)
rCorr  +         Harm     .     k - +0 pair of gloves
MR     .....                    (no boots)
Stlth  ++........               f - +4 amulet of reflection (curse)
                                (no ring)
                                e - ring of resist corrosion

@: no status effects
A: no food or potions, fire vulnerability, cold resistance 1, negative energy
resistance 3, torment resistance, unbreathing
a: Curse Item, Renounce Religion


You were on level 3 of the Dungeon.
You worshipped Ashenzari.
Ashenzari was noncommittal.
You were not hungry.

You visited 1 branch of the dungeon, and saw 4 of its levels.

You collected 214 gold pieces.

Inventory:

Hand Weapons
 d - a +3 dagger of venom (weapon)
Armour
 a - a +0 robe
 k - a +0 pair of gloves (worn)
 l - a +0 helmet (worn)
 p - a cursed +0 robe (worn)
Jewellery
 e - a ring of resist corrosion (left hand)
 f - a cursed +4 amulet of reflection (around neck)
Wands
 h - a wand of flame (19/48)
Scrolls
 c - a scroll of magic mapping {unknown}
 g - 3 scrolls of identify {unknown}
 i - a scroll of fog {unknown}
 j - 2 scrolls of teleportation {unknown}
 m - a scroll of enchant armour {unknown}
 n - a scroll of recharging {unknown}
 o - 2 scrolls of blinking {unknown}
Books
 b - a book of Flames

   Spells                             Type                      Level
   a - Flame Tongue                   Conjuration/Fire             1
   b - Throw Flame                    Conjuration/Fire             2
   c - Conjure Flame                  Conjuration/Fire             3
   d - Inner Flame                    Hexes/Fire                   3
   e - Sticky Flame                   Conjuration/Fire             4
   f - Fireball                       Conjuration/Fire             5


   Skills:
 - Level 1.5 Dodging
 - Level 1.5 Stealth
 * Level 5.2 Spellcasting
 * Level 3.0 Conjurations
 + Level 3.2 Fire Magic


You had 4 spell levels left.
You knew the following spells:

 Your Spells              Type           Power        Failure   Level  Hunger
a - Flame Tongue          Conj/Fire      ##...        6%          1    N/A
b - Conjure Flame         Conj/Fire      ##......     17%         3    N/A
c - Sticky Flame          Conj/Fire      ##......     54%         4    N/A
d - Throw Flame           Conj/Fire      ##....       10%         2    N/A

Dungeon Overview and Level Annotations

Branches:
Dungeon (4/15)             Temple (0/1) D:4

Altars:
Ashenzari
Vehumet
The Shining One

Annotations:
D:3 Pikel


Innate Abilities, Weirdness & Mutations

You do not eat or drink.
Your flesh is vulnerable to fire.
You are immune to poison.
Your flesh is cold resistant. (rC+)
You are immune to negative energy. (rN+++)
You are immune to unholy pain and torment.
You can survive without breathing.


Message History

Casting: Flame Tongue
Confirm with . or Enter, or press ? or * to list all spells.
Aiming: Flame Tongue
Press: ? - help, Shift-Dir - straight line, f/p - Pikel
Aim: Pikel, wielding a whip of flaming and wearing a robe (lightly wounded)
The flame tongue hits Pikel.
Pikel is lightly wounded.
Pikel hits you with a whip of flaming.
* * * LOW HITPOINT WARNING * * *
Pikel burns you.
* * * LOW HITPOINT WARNING * * *
Casting: Flame Tongue
Confirm with . or Enter, or press ? or * to list all spells.
Aiming: Flame Tongue
Press: ? - help, Shift-Dir - straight line, f/p - Pikel
Aim: Pikel, wielding a whip of flaming and wearing a robe (lightly wounded)
The flame tongue hits Pikel.
Pikel is moderately wounded.
Pikel hits you with a whip of flaming.
You die...

#.._.....[.#.....#.##.# #..
###.#......#######.##+####.
#........# #........#.
##.......# #!.......#.
#.......######........#.
#............'..........
#.#####p##.###........#.
#.# #K##.####.##.##### #.#
#@##.##......##### #.#
#.##.##.#.####(...
#.#####.##.##.#.# #....
#...............# #....
########.#.##.### #####
#.............# ###
#.####.####...# ###.. #.#
#.# #...# #.... #.####.#
#...# #.#..


You could see Pikel and a slave.

Vanquished Creatures
  3 slaves (D:3)
  A centaur skeleton (D:4)
  Jessica (D:3)
  Natasha (D:4)
  A gnoll (D:1)
  6 adders
  An ooze (D:3)
  3 worms (D:2)
  3 dart slugs
  3 leopard geckos
  8 bats
  6 giant cockroaches
  5 goblins (D:1)
  8 hobgoblins
  6 jackals
  9 kobolds
  2 quokkas (D:3)
  3 ball pythons
  5 frilled lizards
  11 rats
86 creatures vanquished.

Notes
Turn   | Place    | Note
-------+----------+-------------------------------------------
     0 | D:1      | Kriby the Mummy Fire Elementalist began the quest for the Orb.
     0 | D:1      | Reached XP level 1. HP: 13/13 MP: 4/4
   144 | D:1      | Reached skill level 1 in Conjurations
   221 | D:1      | Reached skill level 3 in Spellcasting
   221 | D:1      | Reached XP level 2. HP: 8/19 MP: 1/6
   843 | D:1      | Reached XP level 3. HP: 24/24 MP: 2/8
  1253 | D:2      | Reached skill level 4 in Spellcasting
  1423 | D:2      | Learned a level 3 spell: Conjure Flame
  1715 | D:2      | Reached XP level 4. HP: 30/30 MP: 8/10
  1916 | D:2      | Found a radiant altar of Vehumet.
  2722 | D:3      | Found a glowing golden altar of the Shining One.
  2808 | D:3      | Found a shattered altar of Ashenzari.
  3271 | D:3      | Noticed Jessica
  3283 | D:3      | Killed Jessica
  3283 | D:3      | Reached XP level 5. HP: 30/35 MP: 6/11
  3413 | D:3      | Found a glowing drain.
  3908 | D:3      | Became a worshipper of Ashenzari the Shackled
  4004 | D:4      | Found a staircase to the Ecumenical Temple.
  4023 | D:4      | Noticed Natasha
  4028 | D:4      | Killed Natasha
  4028 | D:4      | Reached skill level 5 in Spellcasting
  4324 | D:4      | Noticed a slave
  4325 | D:4      | Noticed Pikel
  4325 | D:4      | Noticed a slave
  4326 | D:4      | Noticed a slave
  4327 | D:4      | Noticed a slave
  4381 | D:3      | Killed a slave
  4387 | D:3      | Learned a level 4 spell: Sticky Flame
  4390 | D:3      | Learned a level 2 spell: Throw Flame
  4469 | D:3      | Killed a slave
  4517 | D:3      | Killed a slave
  4654 | D:3      | Slain by Pikel

Vault maps used:
D:1:      scummos_arrival_checkerplants, minmay_misc_feat_diagonals,
          serial_park_tiny_2
D:2:      overflow_temple_1_default, first_bread
D:3:      ashenzari_altar_1, tso_oasis_becter, gup_sewer_entry_bubbles,
          minivault_19, uniq_jessica
D:4:      lemuel_coloured_pillars_altar, uniq_blork_the_orc, uniq_natasha,
          uniq_pikel

Skill      XL: |  1  2  3  4  5 |
---------------+----------------+-----
Conjurations   | 1 2 3 |  3.0
Spellcasting   | 3 4 5 |  5.2
Fire Magic     | 3 |  3.2
Dodging        | |  1.5
Stealth        | |  1.5

Action                   |  1- 3 |  4- 6 || total
-------------------------+-------+-------++-------
Melee: Dagger            |    14 |     9 ||    23
 Cast: Flame Tongue      |    64 |   133 ||   197
Invok: Curse Item        |       |     1 ||     1
Armor: Robe              |    11 |    21 ||    32
Dodge: Dodged            |    22 |    69 ||    91
Block: Other             |     2 |    11 ||    13
